 Dungeon Crawl Stone Soup version 0.29-a0-1009-g60c99734e7 (webtiles) character file.

Game seed: 17950299040159876022

35 spaghetti the Caller (level 3, -1/30 HPs)
             Began as a Naga Summoner on Aug 8, 2022.
             Slain by an iguana (7 damage)
             ... on level 2 of the Dungeon.
             The game lasted 00:03:10 (2737 turns).

spaghetti the Caller (Naga Summoner)                Turns: 2737, Time: 00:03:11

Health: -1/30      AC:  2    Str: 10    XL:     3   Next: 33%
Magic:  1/7        EV: 10    Int: 17    God:
Gold:   61         SH:  0    Dex: 11    Spells: 1/7 levels left

rFire   . . .      SeeInvis +   (no weapon)
rCold   . . .      Faith    .   (no shield)
rNeg    . . .      Spirit   .   a - +0 robe
rPois   +          Reflect  .   (no helmet)
rElec   .          Harm     .   (no cloak)
rCorr   .          Rampage  .   (no gloves)
Will    .....                   (no barding)
Stlth   ++........              (no amulet)
HPRegen 0.10/turn               (no ring)
MPRegen 0.10/turn               (no ring)

@: short of breath, very slow
A: AC +1, large, see invisible, deformed body, poison resistance, slowness 2,
spit poison 1, naga tail 1
a: Spit Poison


You were on level 2 of the Dungeon.
You visited 1 branch of the dungeon, and saw 2 of its levels.

You collected 61 gold pieces.


Innate Abilities, Weirdness & Mutations

Your serpentine skin is tough. (AC +1)
You have supernaturally acute eyesight. (SInv)
Armour fits poorly on your strangely shaped body.
Your system is resistant to poisons. (rPois)
You cover ground very slowly.
You can spit poison.
You have a snake-like lower body.


   Skills:
 + Level 0.3 Fighting
 + Level 1.7 Dodging
 - Level 3.0 Stealth
 + Level 2.6 Spellcasting
 + Level 4.5 Summonings


You had one spell level left.
You knew the following spells:

 Your Spells              Type           Power      Damage    Failure   Level
a - Summon Small Mammal   Summ           68%        N/A       3%          1
b - Call Imp              Summ           17%        N/A       4%          2
c - Call Canine Familiar  Summ           17%        N/A       9%          3

Your spell library contained the following spells:

 Spells                   Type           Power      Damage    Failure   Level
 Summon Guardian Golem    Hex/Summ       9%         N/A       22%         3
 Summon Lightning Spire   Summ/Air       9%         N/A       58%         4

Inventory:

Hand Weapons
 c - a +0 dagger {short}
   (You took it off a goblin on level 1 of the Dungeon)
 f - a +0 dagger {short}
   (You took it off a kobold on level 1 of the Dungeon)
 l - a +0 short sword {short}
   (You took it off a kobold on level 1 of the Dungeon)
Missiles
 g - 19 stones {throwing}
 o - 6 poisoned darts {throwing}
Armour
 a - a +0 robe (worn)
Scrolls
 d - a scroll of teleportation {unknown}
 e - 3 scrolls of identify {unknown}
 h - a scroll of enchant weapon {unknown}
 i - a scroll of butterflies {unknown}
 k - a scroll of blinking {unknown}
 n - a scroll of vulnerability {unknown}
Potions
 b - a potion of magic
 j - a potion of degeneration {unknown}
 m - a potion of lignification {unknown}

Dungeon Overview and Level Annotations

Branches:
Dungeon (2/15) Zot: 8887

Altars:

#. #.# #.. ### #..
....#..#####
#....h....#
+....5l...#
#.....@r..# ##
#.........# ..
#.........# .#
#########.##.###.#
#.........
#....#### ##.###
########.#
#........#


You could see an iguana (ally target), a friendly hound (summoned), a friendly
crimson imp (summoned) and a friendly quokka (summoned).


Message History

You lost 1 mp, and now have 3/6 mp.
Casting: Summon Small Mammal (safe; 3% risk of failure)
Confirm with . or Enter, or press ? or * to list all spells.
The spell is quite dangerous to miscast (9% risk of failure)!
Continue anyway?
Okay, then.
Casting: Call Canine Familiar (quite dangerous; 9% risk of failure)
Confirm with . or Enter, or press ? or * to list all spells.
The spell is quite dangerous to miscast (9% risk of failure)!
Continue anyway?
The giant cockroach bites your shadow imp but does no damage.
Your shadow imp hits the giant cockroach. 😎 MP[-3]
You lost 3 mp, and now have 0/6 mp.
Unknown command.
You swap places.
The giant cockroach barely misses you.
The giant cockroach bites you but does no damage.
You hit the giant cockroach but do no damage.
The giant cockroach bites you. 😕 HP[-2]
You take 2 damage, and now have 28/30 hp.
You are too injured to fight recklessly!
You are too injured to fight recklessly!
You are too injured to fight recklessly!
You are too injured to fight recklessly!
You are too injured to fight recklessly!
You are too injured to fight recklessly!
You are too injured to fight recklessly!
You are too injured to fight recklessly!
You are too injured to fight recklessly!
A giant cockroach is nearby!
A giant cockroach is nearby!
You hit the giant cockroach.
Your shadow imp barely misses the giant cockroach.
The giant cockroach misses you.
Your hound closely misses the giant cockroach.
You closely miss the giant cockroach. The giant cockroach bites you.
Your hound barely misses the giant cockroach.
Your shadow imp hits the giant cockroach but does no damage.
You closely miss the giant cockroach.
Your hound completely misses the giant cockroach.
The giant cockroach completely misses you.
Your shadow imp hits the giant cockroach but does no damage.
Your hound bites the giant cockroach.
The giant cockroach dies!
Your magical contamination has completely faded away.
You see here a giant cockroach corpse. 😕 MP[+1]
Your hound disappears in a puff of smoke!
Your shadow imp disappears in a puff of smoke!
Key pressed, stopping explore.
o - 6 poisoned darts {throwing} 😎 HP[+2] MP[+6]
Your hp is fully restored (30).
Your mp is fully restored (7).
Key pressed, stopping explore.
e - 3 scrolls labelled WELIETRA LIXY (gained 1)
An iguana comes into view.
An iguana is nearby!
An iguana is nearby!
An iguana is nearby!
The iguana hisses angrily.
You closely miss the iguana. The iguana closely misses you.
You hit the iguana. The iguana barely misses you.
You barely miss the iguana. The iguana bites you!
You are too injured to fight recklessly! 😮 HP[-11]
You take 11 damage, and now have 19/30 hp.
MASSIVE DAMAGE!! (PAUSE)
Casting: Call Canine Familiar (quite dangerous; 9% risk of failure)
Confirm with . or Enter, or press ? or * to list all spells.
The iguana bites you. 😮 HP[-1] MP[-1]
You take 1 damage, and now have 18/30 hp.
You lost 1 mp, and now have 6/7 mp.
Casting: Summon Small Mammal (safe; 3% risk of failure)
Confirm with . or Enter, or press ? or * to list all spells.
The spell is quite dangerous to miscast (9% risk of failure)!
Continue anyway?
The iguana bites you!
* * * LOW HITPOINT WARNING * * *
😱 HP[-12] MP[-3]
You take 12 damage, and now have 6/30 hp.
MASSIVE DAMAGE!! (PAUSE)
You lost 3 mp, and now have 3/7 mp.
Casting: Call Canine Familiar (quite dangerous; 9% risk of failure)
Confirm with . or Enter, or press ? or * to list all spells.
A beastly little devil appears in a puff of flame.
The iguana barely misses you.
Your quokka bites the iguana. 😱 MP[-2]
You lost 2 mp, and now have 1/7 mp.
Unknown command.
Unknown command.
Aiming: Spit Poison (2% risk of failure)
Press: ? - help, Shift-Dir - straight line, f - iguana
Aim: an iguana (moderately wounded, ally target, 65% to hit)
The splash of poison misses the iguana.
Your hound bites the iguana.
Your quokka bites the iguana.
The iguana bites your quokka but does no damage.
Your hound bites the iguana.
Your crimson imp hits the iguana but does no damage.
You closely miss the iguana.
Your quokka barely misses the iguana.
Your hound barely misses the iguana.
The iguana bites you!
You die...

Action                   || total
-------------------------++-------
Melee: Unarmed           ||   100
       Punch             ||     3
 Cast: Summon Small Mamm ||    35
       Call Imp          ||    13
       Call Canine Famil ||     2
 Abil: Spit Poison       ||    13
  Use: Potion            ||     1
 Stab: Sleeping          ||     4
Armor: Robe              ||    35
Dodge: Dodged            ||    64

Levels and vault maps discovered:
D:1:      amcnicky_arrival_single_pillar, layout_basic,
          ebering_ecumenical_altar_box
D:2:      layout_basic, basic_altar, uniq_terence

Notes
Turn   | Place    | Note
-------+----------+-------------------------------------------
     0 | D:1      | spaghetti the Naga Summoner began the quest for the Orb.
     0 | D:1      | Reached XP level 1. HP: 15/15 MP: 3/3
     0 | D:1      | magus.rc [v1.9.6]
   676 | D:1      | Reached XP level 2. HP: 12/22 MP: 1/5
  1308 | D:1      | Learned a level 2 spell: Call Imp
  1804 | D:1      | Found a faded altar of an unknown god.
  1813 | D:1      | Reached XP level 3. HP: 16/28 MP: 1/6
  2468 | D:1      | Learned a level 3 spell: Call Canine Familiar
  2734 | D:2      | HP: 6/30 [iguana (12)]
  2737 | D:2      | Slain by an iguana

Vanquished Creatures
  3 bats (D:1)
  An endoplasm (D:1)
  2 giant cockroaches
  A goblin (D:1)
  A hobgoblin (D:1)
  2 kobolds (D:1)
  A quokka (D:1)
  3 frilled lizards (D:1)
  A rat (D:1)
15 creatures vanquished.

Vanquished Creatures (collateral kills)
  A dart slug (D:1)
  3 endoplasms (D:1)
  2 giant cockroaches
  A hobgoblin (D:1)
  2 jackals (D:1)
  A bat (D:1)
  2 frilled lizards (D:1)
  3 rats
15 creatures vanquished.

Grand Total: 30 creatures vanquished

Table legend:
 A = Non-vault XP
 B = Vault XP
 C = Vault XP percentage of total XP
 D = Non-vault monster count
 E = Vault monster count
 F = Vault count percentage of total count
                 A         B        C        D         E       F
            +---------+---------+-------+---------+---------+-------
      Total |      50 |       0 |   0.0 |      30 |       0 |   0.0
            +---------+---------+-------+---------+---------+-------
        D:1 |      45 |       0 |   0.0 |      27 |       0 |   0.0
        D:2 |       5 |       0 |   0.0 |       3 |       0 |   0.0
            +---------+---------+-------+---------+---------+-------

Illustrated notes

Table legend:
 A = Kills in this place as a percentage of kills in entire the game.
 B = Kills by you in this place as a percentage of kills by you in the entire game.
 C = Kills by friends in this place as a percentage of kills by friends in the entire game.
 D = Other kills in this place as a percentage of other kills in the entire game.
 E = Experience gained in this place as a percentage of experience gained in the entire game.
 F = Experience gained in this place divided by the number of levels of this place that you have seen.
                   A       B       C       D       E      F
               +-------+-------+-------+-------+-------+----------------------
         Total | 100.0 | 100.0 | 100.0 |   N/A | 100.0 |  25.0
       Dungeon | 100.0 | 100.0 | 100.0 |   N/A | 100.0 |  25.0
               +-------+-------+-------+-------+-------+----------------------

Table legend: (Time is in decaauts)
 A = Elapsed time spent in this place.
 B = Non-inter-level travel time spent in this place.
 C = Inter-level travel time spent in this place.
 D = Time resting spent in this place.
 E = Time spent auto-exploring this place.
 F = Levels seen in this place.
 G = Mean time per level.
                   A        B        C        D        E       F      G
               +--------+--------+--------+--------+--------+-----+--------+
         Total |   3111 |   3055 |     56 |     68 |   2620 |   2 | 1555.5 |
       Dungeon |   3111 |   3055 |     56 |     68 |   2620 |   2 | 1555.5 |
               +--------+--------+--------+--------+--------+-----+--------+

Top non-repeatable levels by time:
     D:1: 2870 daAuts
     D:2: 241 daAuts
